 Dungeon Crawl Stone Soup version 0.21-a0-85-ga0cb861 (webtiles) character file.

620 grindst0ne the Shield-Bearer (level 7, -8/56 HPs)
             Began as a Formicid Fighter on June 25, 2017.
             Was an Initiate of Okawaru.
             Mangled by an ogre
             ... wielding a +0 giant club
              (22 damage)
             ... on level 4 of the Dungeon.
             The game lasted 00:05:54 (3166 turns).

grindst0ne the Shield-Bearer (Formicid Fighter)     Turns: 3166, Time: 00:05:55

Health: -8/56      AC:  7    Str: 21    XL:     7   Next: 75%
Magic:  7/7        EV:  8    Int:  7    God:    Okawaru [......]
Gold:   154        SH: 10    Dex: 12    Spells: 6/6 levels left

rFire    . . .     SeeInvis +   a - +0 long sword
rCold    . . .     Gourm    .   c - +0 shield
rNeg     . . .     Faith    .   b - +0 scale mail
rPois    .         Spirit   .   (helmet unavailable)
rElec    .         Reflect  .   (no cloak)
rCorr    +         Harm     .   (no gloves)
MR       .....                  (no boots)
Stlth    +.........             (no amulet)
HPRegen  0.18/turn              x - ring of resist corrosion
MPRegen  0.10/turn              j - ring of stealth

@: no status effects
A: permanent stasis, dig shafts and tunnels, four strong arms, antennae 3
a: Dig, Shaft Self, Renounce Religion


You were on level 4 of the Dungeon.
You worshipped Okawaru.
Okawaru was noncommittal.
You were not hungry.

You visited 1 branch of the dungeon, and saw 4 of its levels.
You also visited: Sewer.

You collected 154 gold pieces.

Inventory:

Hand Weapons
 a - a +0 long sword (weapon)
Armour
 b - a +0 scale mail (worn)
 c - a +0 shield (worn)
Jewellery
 j - a ring of stealth (right hand)
 k - a +2 ring of intelligence
 x - a ring of resist corrosion (left hand)
Wands
 e - a wand of scattershot (3/9)
Scrolls
 g - a scroll of fear {unknown}
 h - a scroll of amnesia
 i - 3 scrolls of recharging {unknown}
 m - a scroll of remove curse
 q - 2 scrolls of blinking {unknown}
Potions
 d - a potion of might
 l - 3 potions of mutation
 o - 2 potions of curing
 r - 2 potions of agility {unknown}
 u - a potion of resistance {unknown}
 v - a potion of cancellation {unknown}
 w - a potion of berserk rage {unknown}
Comestibles
 f - 4 bread rations
 p - 5 fruits
 s - a meat ration
 t - 7 chunks of flesh


   Skills:
 + Level 5.5 Fighting
 + Level 2.8 Long Blades
 + Level 6.1 Armour
 + Level 6.2 Shields


You had 6 spell levels left.
You didn't know any spells.

Dungeon Overview and Level Annotations

Branches:
Dungeon (4/15)
 Temple: D:4-7

Altars:
Dithmenos
Okawaru


Innate Abilities, Weirdness & Mutations

You cannot be hasted, slowed, berserked, paralysed or teleported.
You can dig through walls and to a lower floor.
Your four strong arms can wield two-handed weapons with a shield.
You have a pair of large antennae on your head. (SInv)


Message History

The ogre is lightly wounded.
You block the ogre's attack.
Your shield and scale mail prevent you from hitting the ogre.
The ogre is lightly wounded.
The ogre closely misses you.
You hit the ogre.
The ogre is lightly wounded.
The ogre barely misses you.
You hit the ogre.
The ogre is moderately wounded.
The ogre hits you with a giant club!
You slash the ogre!
The ogre is heavily wounded.
You block the ogre's attack.
You completely miss the ogre.
The ogre is heavily wounded.
The ogre hits you with a giant club!
* * * LOW HITPOINT WARNING * * *
You feel better. The ogre hits you with a giant club!!
You die...

#. #. # #. .. #. #.
############ #. #..
...........########.
...#########...>.†.=..
#.#########.#########
#..O@......#.#
###########.## ###


You could see an ogre.

Vanquished Creatures
  The ghost of skittles the Slinger, an amateur HaHu of Okawaru (Sewer)
  A phantom (D:4)
  An ogre (D:4)
  A crocodile (Sewer)
  An iguana (D:3)
  2 worker ants (D:4)
  An adder (D:2)
  2 river rats (D:3)
  A worm (D:2)
  A dart slug (D:3)
  2 leopard geckos
  5 orcs
  A ball python (D:3)
  9 bats
  5 giant cockroaches
  7 goblins
  6 hobgoblins
  13 jackals
  14 kobolds
  3 quokkas
  2 frilled lizards
  11 rats
90 creatures vanquished.

Notes
Turn   | Place    | Note
-------+----------+-------------------------------------------
     0 | D:1      | grindst0ne the Formicid Fighter began the quest for the Orb.
     0 | D:1      | Reached XP level 1. HP: 18/18 MP: 1/1
   105 | D:1      | Reached XP level 2. HP: 23/24 MP: 2/2
   320 | D:1      | Reached XP level 3. HP: 29/29 MP: 3/3
  1069 | D:2      | Reached XP level 4. HP: 33/37 MP: 4/4
  1708 | D:3      | Found a glowing drain.
  1744 | Sewer    | Entered a sewer
  1744 | Sewer    | Noticed skittles's ghost (amateur HaHu)
  1751 | Sewer    | Reached XP level 5. HP: 37/42 MP: 5/5
  1759 | Sewer    | Killed skittles's ghost
  1759 | Sewer    | Reached skill level 5 in Armour
  1759 | Sewer    | Reached skill level 5 in Shields
  1759 | Sewer    | Reached XP level 6. HP: 17/50 MP: 6/6
  2041 | Sewer    | Reached skill level 5 in Fighting
  2270 | D:3      | Found an iron altar of Okawaru.
  2285 | D:3      | Became a worshipper of Warmaster Okawaru
  2416 | D:3      | Reached XP level 7. HP: 41/56 MP: 7/7
  2807 | D:4      | Found a shadowy altar of Dithmenos.
  3166 | D:4      | Mangled by an ogre

Vault maps used:
D:1:      dpeg_arrival_simpleton_c, minmay_quantized
D:3:      portal_sewer_entry_b, kennysheep_okawaru_gauntlet
D:4:      grunt_dithmenos_smoke_and_mirrors
Sewer:    sewer_the_crocodile

Skill      XL: |  1  2  3  4  5  6  7 |
---------------+----------------------+-----
Shields        | 4 5 6 |  6.2
Armour         | 4 5 6 |  6.1
Fighting       | 4 5 |  5.5
Long Blades    | |  2.8

Action                   |  1- 3 |  4- 6 |  7- 9 || total
-------------------------+-------+-------+-------++-------
Melee: Long sword        |    91 |   115 |    74 ||   280
 Abil: Dig               |     2 |     6 |       ||     8
  Use: Scroll            |       |     9 |       ||     9
       Potion            |       |     3 |     1 ||     4
  Eat: Chunk             |     1 |     7 |     2 ||    10
Armor: Scale mail        |    49 |    53 |    20 ||   122
Dodge: Dodged            |    34 |    39 |    17 ||    90
Block: Shield            |    51 |    79 |    37 ||   167
       Rpst.: Long sword |    18 |    13 |     5 ||    36
